Map: Zen LE

Players

AmovePro - Winner!

  • Race: Terran Terran
  • Spawn Location: 7:00

antagomiR

  • Race: Protoss Protoss
  • League: Gold
  • Spawn Location: 1:00

VOD

Have the link to the VOD?

Description

Time

  • Played on: April 19, 2020, 2:59 p.m.
  • Length: 20:24
Show
View Real Time Build Order
Export as new Build Order

AmovePro Terran - Winner!

Build Orders:  

Get SALT Encoding   

  12  0:01  SCV  
  13  0:13  SCV  
  14  0:19  Supply Depot  
  14  0:25  SCV  
  15  0:42  Barracks  
  15  0:46  Refinery  
  15  0:47  SCV  
  16  1:08  SCV  
  16  1:10  Supply Depot  
  17  1:20  SCV  
  18  1:32  SCV, Reaper  
  20  1:52  Orbital Command  
  20  2:01  Barracks  
  20  2:16  Barracks Reactor  
  20  2:30  Factory  
  20  2:45  SCV  
  20  2:49  Refinery  
  21  2:52  Engineering Bay  
  21  2:57  SCV  
  22  3:06  Marine x2, Barracks Tech Lab  
  22  3:09  SCV  
  22  3:12  Command Center  
  25  3:17  Starport  
  25  3:21  SCV  
  26  3:29  Supply Depot  
  26  3:31  Supply Depot, Marine x3  
  29  3:34  Factory Reactor  
  29  3:39  SCV  
  30  3:46  Missile Turret  
  30  3:50  Marine x2  
  30  3:52  Marine  
  33  4:06  SCV  
  33  4:07  Stimpack  
  34  4:10  Marine x2  
  34  4:11  Marine  
  37  4:21  SCV  
  38  4:25  Orbital Command  
  38  4:28  Marine  
  39  4:37  SCV  
  40  4:40  Medivac, Supply Depot  
  40  4:43  Medivac  
  44  4:50  Orbital Command  
  44  5:07  Bunker  
  44  5:08  Refinery  
  44  5:09  Marine x3  
  47  5:20  Factory Tech Lab  
  47  5:27  Marine x3  
  50  5:35  Supply Depot x2  
  50  5:44  SCV  
  50  5:45  Marine  
  50  5:46  SCV  
  53  5:50  Marine x2  
  53  5:51  Siege Tank  
  53  5:52  Medivac  
  53  5:56  SCV  
  61  5:58  SCV  
  62  6:08  SCV  
  62  6:10  SCV  
  64  6:12  Supply Depot  
  64  6:14  Supply Depot, Marine  
  64  6:15  Marine  
  64  6:16  Marine  
  67  6:20  SCV  
  67  6:22  SCV  
  69  6:34  Supply Depot  
  69  6:35  Missile Turret  
  69  6:39  Supply Depot  
  69  6:40  Combat Shield  
  69  6:41  Supply Depot  
  66  7:30  SCV  
  66  7:31  SCV  
  66  7:35  Marine x2  
  66  7:36  Marine  
  71  7:38  Medivac x2, Widow Mine  
  77  7:46  Command Center  
  77  7:49  Barracks  
  77  7:50  Barracks  
  77  7:52  Engineering Bay, Barracks  
  77  7:53  Armory, Terran Infantry Weapons Level 1, Marine  
  77  7:55  Marine  
  77  7:56  Marauder  
  81  7:59  Widow Mine  
  83  8:11  Marine  
  84  8:17  Marauder  
  86  8:21  Marine  
  86  8:23  Siege Tank  
  86  8:24  Medivac x2  
  94  8:29  Marine  
  95  8:38  SCV x2  
  95  8:39  Marauder, Marine  
  100  8:42  Refinery  
  100  8:45  Supply Depot  
  100  8:46  Marine  
  101  8:50  Terran Infantry Armor Level 1  
  101  8:51  SCV, Supply Depot  
  101  8:55  Barracks Reactor, Barracks Tech Lab  
  102  8:56  Barracks Reactor  
  102  9:05  Orbital Command  
  102  9:08  Supply Depot  
  102  9:10  SCV x2  
  104  9:22  Concussive Shells  
  104  9:33  Marine x2  
  106  9:39  Orbital Command  
  79  10:33  Marine x7  
  79  10:34  Marine  
  79  10:35  Medivac x2, Siege Tank  
  92  10:38  SCV x3  
  97  10:50  SCV x2, Marine  
  97  10:52  Bunker, Marauder x2  
  97  10:53  SCV, Bunker, Marine x5  
  110  11:02  SCV  
  110  11:03  Terran Infantry Armor Level 2, Terran Infantry Weapons Level 2  
  111  11:04  Command Center  
  111  11:06  Terran Vehicle Weapons Level 1  
  111  11:08  Marine  
  111  11:09  Widow Mine  
  111  11:10  Medivac, Marine x2  
  111  11:11  Marine x3  
  119  11:13  Marauder, Marine  
  124  11:26  Marine  
  124  11:27  Missile Turret  
  124  11:28  Missile Turret, Marine x2  
  124  11:31  Marauder, Widow Mine  
  131  11:35  Marauder  
  133  11:52  Marauder, Widow Mine  
  130  12:02  Marine x3  
  130  12:03  Marauder, Marine  
  130  12:04  Medivac x2  
  130  12:06  SCV x2  
  130  12:07  SCV  
  143  12:12  Refinery  
  143  12:13  Siege Tank  
  143  12:14  Marauder  
  143  12:15  Refinery  
  148  12:21  Marine x3  
  148  12:22  Marine x2  
  153  12:25  Marauder  
  153  12:28  Factory  
  155  12:31  Supply Depot  
  155  12:32  Supply Depot  
  155  12:34  Supply Depot  
  155  12:35  Supply Depot, Marauder  
  157  12:44  SCV x3  
  157  12:46  Marauder  
  162  12:57  Marauder  
  164  13:08  Marauder  
  164  13:10  Sensor Tower  
  166  13:14  Sensor Tower  
  166  13:18  Marauder  
  168  13:22  Terran Infantry Weapons Level 3  
  168  13:23  Terran Vehicle Weapons Level 2  
  168  13:27  Factory Reactor  
  168  13:29  Drilling Claws  
  168  13:38  Starport  
  168  13:56  Missile Turret  
  168  14:01  Missile Turret  
  168  14:06  Missile Turret  
  167  14:33  Marauder x2  
  167  14:34  Marine x5  
  167  14:35  Marine  
  167  14:37  Widow Mine  
  179  14:39  Liberator x2  
  185  14:52  Marine x2  
  187  14:53  Reaper  
  187  14:55  Marauder x2  
  187  14:58  Widow Mine  
  194  15:14  Marine  
  194  15:15  Marine x4  
  194  15:20  Terran Infantry Armor Level 3  
  199  15:24  Marine  
  200  15:30  Command Center  
  200  16:06  Neosteel Armor  
  200  16:08  Terran Vehicle Weapons Level 3  
  200  16:16  Planetary Fortress  
  162  17:23  Marine  
  162  17:24  Marine x7  
  162  17:26  Siege Tank  
  162  17:27  Widow Mine x2  
  162  17:28  Liberator x2  
  161  17:41  Marine  
  161  17:42  Marine x3  
  161  17:43  Marauder x2  
  169  17:48  Widow Mine  
  168  17:53  Marine  
  168  17:54  Marine  
  168  17:58  Siege Tank  
  173  17:59  Marine  
  173  18:00  Refinery  
  173  18:02  Refinery  
  173  18:04  Marauder x2  
  178  18:06  Sensor Tower  
  178  18:11  Liberator  
  173  18:25  Marauder  
  173  18:26  Marauder  
  177  18:27  Marine x4  
  177  18:29  Widow Mine x2  
  177  18:30  Siege Tank, Liberator  
  191  18:47  Marauder x2  
  195  18:53  Liberator  
  197  19:02  Siege Tank  
  186  19:08  Marauder x2  
  190  19:19  Marine x2  
  190  19:20  Marine x4  
  190  19:22  Widow Mine x2  
  199  20:00  Sensor Tower  
Show
View Real Time Build Order
Export as new Build Order

antagomiR Protoss 

Build Orders:  

Get SALT Encoding   

  12  0:01  Probe  
  13  0:13  Probe  
  14  0:18  Pylon  
  14  0:25  Probe  
  15  0:38  Gateway  
  15  0:40  Probe (Chrono Boost)  
  17  0:50  Probe (Chrono Boost)  
  17  0:52  Assimilator  
  17  0:55  Probe (Chrono Boost)  
  18  1:06  Probe  
  18  1:08  Assimilator  
  19  1:18  Probe  
  20  1:26  Cybernetics Core  
  20  1:30  Probe  
  21  1:43  Probe  
  21  1:45  Pylon  
  22  1:55  Probe  
  23  2:03  Warp Gate (Chrono Boost)  
  23  2:06  Robotics Facility  
  23  2:07  Probe  
  24  2:19  Probe, Adept  
  27  2:31  Probe  
  28  2:44  Nexus  
  27  2:49  Adept  
  27  2:51  Pylon  
  28  3:00  Probe  
  29  3:08  Gateway, Observer  
  29  3:12  Probe  
  31  3:19  Stalker  
  33  3:24  Probe  
  34  3:29  Observer  
  35  3:34  Gateway  
  35  3:36  Probe  
  36  3:48  Probe  
  41  3:55  Immortal  
  41  4:01  Probe, Stalker  
  44  4:14  Probe x2  
  46  4:19  Observer  
  46  4:26  Probe  
  46  4:29  Stalker  
  46  4:30  Sentry x2  
  53  4:46  Probe  
  53  4:52  Probe, Pylon  
  54  4:53  Pylon  
  54  4:58  Phoenix  
  54  5:03  Assimilator  
  54  5:06  Assimilator  
  54  5:10  Probe x2, Observer (Chrono Boost)  
  57  5:18  Sentry  
  57  5:20  Zealot  
  61  5:22  Probe  
  61  5:26  Immortal (Chrono Boost)  
  66  5:37  Probe x2  
  68  5:46  Zealot  
  70  6:04  Nexus  
  70  6:07  Pylon  
  70  6:08  Pylon  
  70  6:22  Gateway  
  70  6:23  Gateway  
  70  6:24  Pylon  
  70  6:25  Probe x2, Twilight Council  
  72  6:29  Pylon  
  72  6:33  Zealot x2, Forge  
  72  6:37  Probe x2  
  78  6:49  Probe x2  
  78  6:51  Pylon  
  79  7:01  Probe x2, Charge (Chrono Boost)  
  74  7:12  Stalker  
  64  7:17  Pylon  
  64  7:22  Pylon  
  64  7:30  Probe x2  
  66  7:40  Stalker, Assimilator  
  66  7:42  Probe, Assimilator  
  66  7:43  Probe  
  70  7:51  Photon Cannon, Protoss Ground Weapons Level 1 (Chrono Boost)  
  70  7:55  Probe x2  
  72  8:07  Probe x2  
  72  8:12  Photon Cannon  
  74  8:19  Probe x2  
  76  8:20  Probe  
  76  8:21  Photon Cannon  
  77  8:31  Probe (Chrono Boost), Pylon  
  79  8:34  Probe (Chrono Boost), Pylon  
  79  8:41  Probe (Chrono Boost)  
  81  8:43  Probe (Chrono Boost)  
  81  8:46  Zealot x2  
  81  8:47  Probe (Chrono Boost)  
  87  8:49  Probe x2 (Chrono Boost)  
  87  8:51  Sentry x2  
  93  9:01  Probe (Chrono Boost)  
  94  9:04  Probe (Chrono Boost)  
  94  9:06  Probe (Chrono Boost)  
  94  9:08  Probe (Chrono Boost)  
  94  9:09  Probe (Chrono Boost)  
  96  9:13  Photon Cannon  
  97  9:20  Photon Cannon  
  97  9:24  Photon Cannon  
  97  9:28  Robotics Bay  
  97  9:33  Templar Archives  
  97  9:36  Probe x3  
  100  9:42  Zealot x3  
  106  9:48  Probe  
  107  9:58  Stalker x2  
  95  10:19  Stalker  
  95  10:20  Stalker x2  
  89  10:22  Probe x3  
  92  10:28  Stalker x2  
  92  10:32  Protoss Ground Weapons Level 2 (Chrono Boost)  
  92  10:34  Probe x3  
  99  10:57  Probe  
  99  10:58  Probe x2  
  99  11:02  Extended Thermal Lance (Chrono Boost), Psionic Storm  
  102  11:09  Probe  
  109  11:12  Probe x2  
  109  11:15  Robotics Facility  
  111  11:22  Probe  
  111  11:24  Probe, Gateway  
  111  11:25  Probe  
  114  11:28  Gateway  
  114  11:29  Gateway  
  114  11:30  Gateway  
  114  11:32  Gateway  
  114  11:34  Gateway, Colossus  
  114  11:36  Stalker x3, Gateway  
  120  12:06  Pylon  
  120  12:11  Stalker  
  120  12:12  Photon Cannon  
  120  12:14  Pylon  
  128  12:30  Probe  
  128  12:31  Probe x2, Colossus  
  128  12:36  Sentry, Zealot  
  141  12:42  Photon Cannon, Protoss Ground Weapons Level 3 (Chrono Boost)  
  141  12:48  Pylon  
  141  12:49  Pylon  
  141  12:51  Pylon  
  141  12:53  Pylon  
  141  12:55  Pylon  
  141  12:56  Pylon  
  141  13:17  Nexus  
  141  13:18  Pylon  
  141  13:21  Stalker, Pylon  
  141  13:22  Stalker x5  
  141  13:23  Stalker, Zealot  
  141  13:25  Pylon, Colossus  
  163  13:49  Photon Cannon  
  163  13:52  Photon Cannon  
  163  13:57  Photon Cannon x2  
  163  14:00  Assimilator  
  163  14:04  Assimilator  
  163  14:05  Stargate  
  163  14:07  Stargate  
  163  14:09  Stargate  
  163  14:34  Zealot x5  
  163  14:35  Zealot x3  
  179  14:42  Nexus  
  179  14:43  Pylon  
  179  14:46  Pylon  
  179  14:51  Pylon  
  179  15:09  Photon Cannon  
  179  15:13  Photon Cannon  
  179  15:18  Photon Cannon, Observer  
  180  15:23  Zealot x5  
  180  15:24  Stalker x2, Shield Battery x2  
  180  15:25  Stalker x3  
  199  16:50  Pylon  
  199  16:57  Pylon  
  138  17:28  Stalker  
  138  17:29  Stalker x5  
  108  17:30  Stalker x2, Zealot  
  108  17:31  Zealot x3  
  101  17:46  Colossus  
  103  18:02  Zealot x3  
  103  18:03  Zealot x4  
  103  18:04  Zealot x3  
  97  18:12  Zealot  
  97  18:13  Zealot  
  91  18:23  Zealot x2  
  61  18:37  Stalker, Zealot x2  
  61  18:38  Zealot x5  
  61  18:39  Zealot x2, Colossus  
  38  19:05  Stalker x3  
  38  19:07  Zealot x2  
  38  19:09  Colossus  
  48  19:15  Zealot x3  
  48  19:16  Zealot x4  
  34  19:29  Zealot x2  
  22  20:09  Zealot  
  22  20:10  Zealot x4  
Tags
 
League
Gold
Matchup
PvT
Replay Pack
20200422
Spawn Locations
Cross Positions
Add a new tag
Caveats
  • Supply blocks, unpowered buildings, or Contaminate may cause inaccurate times.
  • Supply counts are checked every 10 seconds.